 Dungeon Crawl Stone Soup version 0.20.0-10-g0535bb4 (webtiles) character file.

27 Gorglomux the Caller (level 3, -1/31 HPs)
             Began as a Hill Orc Summoner on June 6, 2017.
             Slain by a kobold
             ... wielding a +0 club
              (5 damage)
             ... on level 2 of the Dungeon.
             The game lasted 00:06:35 (1342 turns).

Gorglomux the Caller (Hill Orc Summoner)            Turns: 1342, Time: 00:06:36

Health: -1/31      AC:  2    Str: 11    XL:     3   Next: 10%
Magic:  5/5        EV: 12    Int: 15    God:
Gold:   72         SH:  0    Dex: 11    Spells: 4/5 levels left

rFire    . . .     SeeInvis .   F - +0 dagger
rCold    . . .     Gourm    .   (no shield)
rNeg     . . .     Faith    .   a - +0 robe
rPois    .         Spirit   .   (no helmet)
rElec    .         Reflect  .   (no cloak)
rCorr    .         Harm     .   (no gloves)
MR       .....                  (no boots)
Stlth    ++........             (no amulet)
Regen    0.1/turn               (no ring)
MPRegen  0.1/turn               (no ring)

@: no status effects
A: no striking features
a: no special abilities


You were on level 2 of the Dungeon.
You were not hungry.

You visited 1 branch of the dungeon, and saw 2 of its levels.

You collected 72 gold pieces.

Inventory:

Hand Weapons
 F - a +0 dagger (weapon)
Armour
 a - a +0 robe (worn)
 E - a +0 leather armour
Scrolls
 A - a scroll of immolation {unknown}
 B - 5 scrolls of identify {unknown}
 C - a scroll of remove curse {unknown}
 D - a scroll of teleportation {unknown}
 L - a scroll of enchant weapon {unknown}
 N - a scroll of recharging {unknown}
Potions
 G - a potion of ambrosia {unknown}
 J - 2 potions of berserk rage {unknown}
 K - a potion of curing {unknown}
 O - a potion of mutation {unknown}
Books
 b - a book of Callings

   Spells                             Type                      Level
   a - Summon Small Mammal            Summoning                    1
   b - Call Imp                       Summoning                    2
   c - Call Canine Familiar           Summoning                    3
   d - Summon Guardian Golem          Hexes/Summoning              3
   e - Summon Lightning Spire         Summoning/Air                4
   f - Summon Ice Beast               Ice/Summoning                4
Comestibles
 c - a bread ration
 z - a meat ration
 H - 2 fruits
 P - a chunk of flesh


   Skills:
 + Level 3.1 Fighting
 - Level 1.5 Dodging
 - Level 1.5 Stealth
 - Level 1.5 Spellcasting
 - Level 4.0 Summonings


You had 4 spell levels left.
You knew the following spells:

 Your Spells              Type           Power        Failure   Level  Hunger
a - Summon Small Mammal   Summ           ##..         4%          1    ##.....


Dungeon Overview and Level Annotations

Branches:
Dungeon (2/15)

Altars:


Message History

* * * LOW HITPOINT WARNING * * *
You hit the kobold but do no damage.
The kobold is moderately wounded.
The kobold hits you with a club.
* * * LOW HITPOINT WARNING * * *
You closely miss the kobold.
The kobold is moderately wounded.
The kobold hits you but does no damage.
You closely miss the kobold.
The kobold is moderately wounded.
The kobold misses you.
You closely miss the kobold.
The kobold is moderately wounded.
You hit the kobold but do no damage.
The kobold is moderately wounded.
The kobold closely misses you.
You hit the kobold but do no damage.
The kobold is moderately wounded.
The kobold hits you with a club.
You die...

.......... ######
#.#... ..........
##.##########
#..........####
#.............#
##.........##.#
#.........##.#
#.........##(#########
#.........##..@.......
#.........##.K........
#.........##..........
........##.#########
#.# .%. ...K #$..


You could see a kobold.

Vanquished Creatures
  A dart slug (D:2)
  A leopard gecko (D:2)
  3 goblins
  A hobgoblin (D:1)
  2 ball pythons (D:1)
  A bat (D:2)
  2 frilled lizards
  2 kobolds
  3 rats (D:1)
16 creatures vanquished.

Vanquished Creatures (collateral kills)
  2 leopard geckos (D:1)
  A goblin (D:1)
  A hobgoblin (D:1)
  2 jackals (D:1)
  3 bats (D:1)
  A frilled lizard (D:1)
10 creatures vanquished.

Grand Total: 26 creatures vanquished

Notes
Turn   | Place    | Note
-------+----------+-------------------------------------------
     0 | D:1      | Gorglomux the Hill Orc Summoner began the quest for the Orb.
     0 | D:1      | Reached XP level 1. HP: 14/14 MP: 3/3
    26 | D:1      | Reached skill level 1 in Fighting
   246 | D:1      | Reached XP level 2. HP: 17/24 MP: 2/4
  1251 | D:2      | Reached skill level 3 in Fighting
  1251 | D:2      | Reached XP level 3. HP: 25/31 MP: 5/5
  1342 | D:2      | Slain by a kobold

Skill      XL: |  1  2 |
---------------+-------+-----
Fighting       | 1 3 |  3.1
Dodging        | |  1.5
Stealth        | |  1.5
Spellcasting   | |  1.5
Summonings     | |  4.0

Action                   || total
-------------------------++-------
Melee: Unarmed           ||    36
       Dagger            ||    77
 Cast: Summon Small Mamm ||    17
  Eat: Chunk             ||     2
Armor: Robe              ||    20
Dodge: Dodged            ||    99
